 Dungeon Crawl Stone Soup version 0.30-a0-170-g85af917532 (webtiles) character file.

Game seed: 497875463442778077

96 qw the Chopper (level 4, -3/28 HPs)
             Began as a Gargoyle Fighter on Sept 30, 2022.
             Killed by divine providence
             ... invoked by an orc priest
              (10 damage)
             ... on level 3 of the Dungeon.
             The game lasted 00:00:50 (3214 turns).

qw the Chopper (Gargoyle Fighter)                   Turns: 3214, Time: 00:00:51

Health: -3/28      AC: 12    Str: 20 (21) XL:     4   Next: 67%
Magic:  4/4        EV:  7    Int:  8 (9)  God:
Gold:   73         SH:  4    Dex:  8 (9)  Spells: 3/3 levels left

rFire   . . .      SeeInvis .    Y - +1 war axe (vorpal)
rCold   . . .      Faith    .    c - +0 buckler
rNeg    + . .      Spirit   .    e - +0 chain mail
rPois   inf        Reflect  .    (no helmet)
rElec   +          Harm     .    (no cloak)
rCorr   .          Rampage  .    (no gloves)
Will    .....                    (no boots)
Stlth   ..........               (no amulet)
HPRegen 0.09/turn                (no ring)
MPRegen 0.09/turn                (no ring)

@: no status effects
A: sickness immunity, AC +3, negative energy resistance 1, electricity
resistance, torment resistance 1, petrification resistance
a: no special abilities


You were on level 3 of the Dungeon.
You visited 1 branch of the dungeon, and saw 3 of its levels.

You collected 73 gold pieces.


Innate Abilities, Weirdness & Mutations

You are immune to sickness and miasma.
Your stone body is resilient. (AC +3)
You are immune to poison.
You resist negative energy. (rN+)
You are resistant to electric shocks. (rElec)
You are resistant to unholy torment.
You are immune to petrification.


   Skills:
 - Level 3.2 Fighting
 + Level 4.1 Axes
 - Level 1.0 Throwing
 - Level 3.2 Armour
 - Level 3.2 Shields


You had 3 spell levels left.
You didn't know any spells.
Your spell library was empty.

Inventory:

Hand Weapons
 f - a +0 club
 Y - a +1 vorpal war axe (weapon)
Missiles
 h - 3 javelins (quivered)
 m - 4 boomerangs
Armour
 b - a +0 helmet
 c - a +0 buckler (worn)
 e - a +0 chain mail (worn)
Scrolls
 a - 2 scrolls of identify
 j - a scroll of vulnerability {unknown}
 k - a scroll of fear {unknown}
 l - a scroll of amnesia {unknown}
Potions
 d - a potion of might
 g - a potion of invisibility {unknown}
 i - a potion of curing {unknown}
 o - a potion of brilliance {unknown}

Dungeon Overview and Level Annotations

Branches:
Dungeon (3/15)

Altars:

Annotations:
D:2 1 runed translucent door, Crazy Yiuf


Message History

An orc priest comes into view. It is wielding a +0 hand axe.
You see here an adder corpse.
3202 ||| Stepping ~*~*~tactically~*~*~ (hiding).
Throw: 4 javelins
Press: ? - help, Q - select action, (/) - cycle Shift-Dir - straight line, f - orc You throw a javelin.
The javelin closely misses the orc.
You hear a shout!
3204 ||| Stepping ~*~*~tactically~*~*~ (stealth).
You hit the orc.
The orc is moderately wounded.
A bat comes into view.
The orc hits you but does no damage.
The bat moves out of view.
You slash the orc!
You kill the orc!
You hit the orc. The orc hits you but does no damage.
You hit the orc.
You kill the orc!
Your Throwing skill increases to level 1!
You hit the orc.
You kill the orc!
3209 ||| Stepping ~*~*~tactically~*~*~ (stealth).
An orc comes into view. It is wielding a +0 mace.
The orc priest hits you but does no damage.
You closely miss the orc priest.
The orc shouts!
The orc priest hits you with a +0 hand axe.
You closely miss the orc priest.
The orc priest calls down the wrath of Beogh upon you.
Beogh smites you!
Ouch! That really hurt!
You hit the orc priest.
The orc priest is moderately wounded.
You slash the orc priest!
The orc priest is almost dead.
You barely miss the bat. The bat hits you but does no damage.
The orc priest invokes the aid of Beogh against you.
Beogh smites you!
You die...

############ ##.....#...[.
##############............
##..:.......#.............
................@o%.......
.#......#########ob.......
.......## ...........
#.>....# .o...........
#......# .o.oo..........
#......#}. .............$.
.......#$. oo...........(.
###'...##. ..(............
...#...#


You could see an orc priest, an orc and a bat.

Vanquished Creatures
  Robin (D:3)
  An adder (D:3)
  A dart slug (D:1)
  5 orcs (D:3)
  5 ball pythons (D:1)
  3 endoplasms (D:1)
  5 giant cockroaches
  9 hobgoblins
  2 quokkas (D:1)
  4 bats
  14 goblins
  3 kobolds
  10 rats
  A spectral kobold (D:2)
64 creatures vanquished.

Notes
Turn   | Place    | Note
-------+----------+-------------------------------------------
     0 | D:1      | qw the Gargoyle Fighter began the quest for the Orb.
     0 | D:1      | Reached XP level 1. HP: 14/14 MP: 1/1
     0 | D:1      | 0 ||| qw: Version: 0.2-a-12-gaebbb33
     0 | D:1      | 0 ||| qw: Game counter: 1588
     0 | D:1      | 0 ||| qw: Always use a shield: true
     0 | D:1      | 0 ||| qw: God list: Okawaru
     0 | D:1      | 0 ||| qw: Allow faded altars: false
     0 | D:1      | 0 ||| qw: Do Orc after D:15 true
     0 | D:1      | 0 ||| qw: Do second Lair branch before Depths: true
     0 | D:1      | 0 ||| qw: Lair rune preference: random
     0 | D:1      | 0 ||| qw: Plans: Normal, Zot:1-4, God:TSO, Crypt, Tomb,
                  | Pan, Slime:5, Hells, Abyss, Orb
     0 | D:1      | 0 ||| PLANNING D:1-11
    91 | D:1      | Reached skill level 2 in Axes
   420 | D:1      | Reached XP level 2. HP: 15/19 MP: 2/2
  1087 | D:1      | Reached skill level 3 in Axes
  1189 | D:1      | Reached XP level 3. HP: 23/23 MP: 3/3
  1716 | D:1      | 1716 ||| READING scroll labelled YFFOAF JUPPE.
  1717 | D:1      | 1717 ||| READING scroll labelled LELUUD ZOXKUCH.
  1718 | D:1      | 1718 ||| READING scroll labelled EGHYAL QOTIDE.
  1723 | D:1      | 1723 ||| READING scroll labelled JUDWIJ NAOMPU.
  1724 | D:1      | 1724 ||| DRINKING 2 blue potions.
  1725 | D:1      | 1725 ||| DROPPING potion of magic.
  1992 | D:2      | Found a faded altar of an unknown god.
  1995 | D:2      | 1995 ||| Stepping ~*~*~tactically~*~*~ (water).
  2305 | D:2      | Found a runed translucent door.
  2306 | D:2      | Noticed Crazy Yiuf
  2595 | D:2      | 2595 ||| UPGRADING to +0 chain mail.
  2605 | D:2      | 2605 ||| DROPPING +0 scale mail.
  2606 | D:2      | 2606 ||| READING scroll labelled YSCHUCW QEGH.
  2607 | D:2      | 2607 ||| READING scroll labelled ICRO GUHAFAGA.
  2608 | D:2      | 2608 ||| READING scroll labelled SUG PYAPSY.
  2609 | D:2      | 2609 ||| READING 3 scrolls labelled NAJUM WIXYLO.
  2610 | D:2      | 2610 ||| READING scroll labelled YCVUFO KOJUSOP.
  2611 | D:2      | 2611 ||| DRINKING 2 glowing white potions.
  2612 | D:2      | 2612 ||| DROPPING potion of degeneration.
  2613 | D:2      | 2613 ||| DROPPING 2 scrolls of magic mapping.
  2700 | D:3      | 2700 ||| Stepping ~*~*~tactically~*~*~ (stealth).
  2717 | D:3      | 2717 ||| Stepping ~*~*~tactically~*~*~ (stealth).
  2719 | D:3      | Reached XP level 4. HP: 16/28 MP: 4/4
  2720 | D:3      | Noticed Robin
  2728 | D:3      | Killed Robin
  2729 | D:3      | Reached skill level 4 in Axes
  2846 | D:3      | 2846 ||| FLEEEEING.
  2847 | D:3      | 2847 ||| FLEEEEING.
  2848 | D:3      | 2848 ||| FLEEEEING.
  2849 | D:3      | 2849 ||| FLEEEEING.
  2850 | D:3      | 2850 ||| STAIRDANCE
  3064 | D:3      | 3064 ||| Stepping ~*~*~tactically~*~*~ (stealth).
  3077 | D:3      | 3077 ||| Stepping ~*~*~tactically~*~*~ (stealth).
  3202 | D:3      | 3202 ||| Stepping ~*~*~tactically~*~*~ (hiding).
  3204 | D:3      | 3204 ||| Stepping ~*~*~tactically~*~*~ (stealth).
  3208 | D:3      | Reached skill level 1 in Throwing
  3209 | D:3      | 3209 ||| Stepping ~*~*~tactically~*~*~ (stealth).
  3212 | D:3      | HP: 7/28 [orc priest/divine providence (16)]
  3214 | D:3      | Killed from afar by an orc priest

Levels and vault maps discovered:
D:1:      onia_arrival_mini_maze_b, layout_loops_ring
D:2:      layout_basic, dreamdust_ecumenical_altar_drowned_temple,
          uniq_crazy_yiuf_cottage
D:3:      cheibrodos_pilgrimage, layout_rooms, mainiacjoe_overflow_paths,
          minivault_11, uniq_robin

Skill      XL: |  1  2  3  4 |
---------------+-------------+-----
Axes           | 2 3 4 |  4.1
Throwing       | 1 |  1.0
Fighting       | |  3.2
Armour         | |  3.2
Shields        | |  3.2

Action                   |  1- 3 |  4- 6 || total
-------------------------+-------+-------++-------
Melee: War axe           |   119 |    26 ||   145
Throw: Boomerang         |    14 |     1 ||    15
       Javelin           |       |     6 ||     6
  Use: Scroll            |     9 |       ||     9
       Potion            |     2 |       ||     2
Armor: Scale mail        |    42 |       ||    42
       Chain mail        |    20 |    15 ||    35
Dodge: Dodged            |    42 |     6 ||    48
Block: Buckler           |    17 |     2 ||    19

Table legend:
 A = Non-vault XP
 B = Vault XP
 C = Vault XP percentage of total XP
 D = Non-vault monster count
 E = Vault monster count
 F = Vault count percentage of total count
                 A         B        C        D         E       F
            +---------+---------+-------+---------+---------+-------
      Total |      91 |      47 |  34.1 |      47 |      17 |  26.6
            +---------+---------+-------+---------+---------+-------
        D:1 |      48 |       0 |   0.0 |      30 |       0 |   0.0
        D:2 |      14 |       1 |   6.7 |       8 |       1 |  11.1
        D:3 |      29 |      46 |  61.3 |       9 |      16 |  64.0
            +---------+---------+-------+---------+---------+-------
